 Dungeon Crawl Stone Soup version 0.26-a0-667-g92642533e4 (webtiles) character file.

Game seed: 5805874417674420344

12777 Peloso the Carver (level 11, -5/97 HPs)
             Began as a Minotaur Fighter on Oct 17, 2020.
             Was the Champion of Okawaru.
             Slain by a six-headed hydra (11 damage)
             ... on level 11 of the Dungeon.
             The game lasted 00:24:35 (11168 turns).

Peloso the Carver (Minotaur Fighter)               Turns: 11168, Time: 00:24:35

Health: -5/97      AC: 17    Str: 29    XL:     11   Next: 66%
Magic:  10/10      EV:  9    Int:  5    God:    Okawaru [******]
Gold:   364        SH: 14    Dex: 16    Spells: 10/10 levels left

rFire    + . .     SeeInvis .   a - +5 scimitar (flame)
rCold    . . .     Faith    .   c - +0 kite shield
rNeg     . . .     Spirit   .   y - +0 plate armour
rPois    .         Reflect  .   (helmet restricted)
rElec    .         Harm     .   j - +0 cloak
rCorr    .         Rampage  .   (no gloves)
MR       .....                  p - +0 pair of boots
Stlth    ..........             F - amulet of magic regeneration
HPRegen  0.26/turn              f - +6 ring of strength
MPRegen  0.37/turn              P - ring "Hoeryb" {+Inv +Fly rF+ Dex+5}

@: studying Stealth
A: retaliatory headbutt, horns 2
a: Heroism, Finesse, Renounce Religion, Evoke Invisibility, Evoke Flight


You were on level 11 of the Dungeon.
You worshipped Okawaru.
Okawaru was exalted by your worship.
You visited 2 branches of the dungeon, and saw 12 of its levels.
You also visited: Ossuary.

You collected 580 gold pieces.
You spent 216 gold pieces at shops.

Inventory:

Hand Weapons
 a - a +5 scimitar of flaming (weapon)
 b - the +7 rapier of the Spinneret {elec, Int+2}
   (You found it on level 9 of the Dungeon)

   Occasionally, upon striking a foe, it will discharge some electrical energy
   and cause terrible harm.
   It affects your intelligence (+2).
Missiles
 G - 25 bolts
Armour
 c - a +0 kite shield (worn)
 j - a +0 cloak (worn)
 p - a +0 pair of boots (worn)
 y - a +0 plate armour (worn)
Jewellery
 f - a +6 ring of strength (left hand)
 r - an uncursed ring of protection from magic
 v - an uncursed ring of stealth
 B - an uncursed ring of see invisible {unknown}
 E - a +4 ring of slaying {unknown}
 F - an amulet of magic regeneration (around neck)
 P - the ring "Hoeryb" (right hand) {+Inv +Fly rF+ Dex+5}
   (You found it on level 11 of the Dungeon)

   [ring of flight]

   It affects your dexterity (+5).
   It protects you from fire.
   It lets you turn invisible.
   It lets you fly.
 Q - a +4 ring of protection {unknown}
Wands
 h - a wand of enslavement (6)
 s - a wand of random effects (9)
 w - a wand of polymorph (7)
 x - a wand of iceblast (5)
 K - a wand of flame (35)
 M - a wand of disintegration (20)
 N - a wand of digging (5)
Scrolls
 e - 3 scrolls of teleportation
 k - 4 scrolls of remove curse
 n - 2 scrolls of enchant armour
 o - a scroll of magic mapping
 u - 4 scrolls of amnesia
 H - 2 scrolls of immolation {unknown}
 I - 2 scrolls of acquirement
 J - 2 scrolls of blinking
 L - 7 scrolls of identify
 O - a scroll of fog {unknown}
Potions
 d - a potion of might
 g - 10 potions of ambrosia
 i - 3 potions of heal wounds
 m - 5 potions of curing
 q - a potion of cancellation
 t - 3 potions of berserk rage
 z - 2 potions of magic
 A - 4 potions of stabbing
 C - 3 potions of flight
 D - 4 potions of mutation
Books
 l - a manual of Stealth


   Skills:
 + Level 9.1 Fighting
 + Level 13.4 Long Blades
 + Level 10.2 Armour
 + Level 2.5 Dodging
 + Level 1.4 Stealth
 + Level 12.4 Shields
 + Level 0.3 Invocations
 + Level 0.3 Evocations


You had 10 spell levels left.
You didn't know any spells.
Your spell library contained the following spells:

 Spells                   Type           Power        Failure   Level
 Corona                   Hex            #......      99%         1
 Slow                     Hex            #.......     100%        2
 Inner Flame              Hex/Fire       #.......     100%        3
 Portal Projectile        Hex/Tloc       #.....       100%        3
 Cause Fear               Hex            #.........   100%        4
 Leda's Liquefaction      Hex/Erth       #.........   100%        4


Dungeon Overview and Level Annotations

Branches:
Dungeon (11/15)            Temple (1/1) D:6            Lair (0/6) D:10
Ossuary (visited)
    Orc: D:9-12

Altars:
Ashenzari
Cheibriados
Dithmenos
Elyvilon
Fedhas
Gozag
Hepliaklqana
Kikubaaqudgha
Okawaru
Qazlal
Wu Jian
Xom
The Shining One
Jiyva

Shops:
D:8 (   D:9 }

Annotations:
D:4 3 runed translucent doors, dmitrys's ghost, amateur DrTm


Innate Abilities, Weirdness & Mutations

You reflexively headbutt those who attack you in melee.
You have a pair of horns on your head.


Message History

The eight-headed hydra bites you.
* * * LOW HITPOINT WARNING * * *
The eight-headed hydra bites you!
* * * LOW HITPOINT WARNING * * *
The eight-headed hydra bites you but does no damage.
You hack one of the eight-headed hydra's heads off!
The flame cauterises the wound!
You slice the seven-headed hydra!! You burn the seven-headed hydra.
The seven-headed hydra is moderately wounded.
Unknown command.
You lop one of the seven-headed hydra's heads off!
The flame cauterises the wound!
You hit the six-headed hydra. You burn the six-headed hydra.
The six-headed hydra is heavily wounded.
The six-headed hydra bites you.
* * * LOW HITPOINT WARNING * * *
The six-headed hydra bites you but does no damage.
You block the six-headed hydra's attack.
The six-headed hydra bites you!
You die...

.........>..................
............................
........................####
............................
............................
............................
#################....<......
#################......†....
.......o.oD@................
#####.o###########..#######
####..# #..# #.....# #..#
#'#...# #..# ##### #.
##..###########..### ....# #
#D.)^............... o...#
#o).................
..:.######)..................


You could see a six-headed hydra, an orc priest and 2 orc wizards.

Vanquished Creatures
  Erica (D:9)
  2 two-headed ogres
  An unseen horror (D:10)
  An ugly thing (D:11)
  Maurice (D:9)
  Prince Ribbit (D:7)
  A queen bee (D:10)
  A shadow (D:11)
  A spriggan (D:11)
  A wraith (Ossuary)
  4 yaks (D:11)
  A steam dragon (D:10)
  3 water moccasins
  2 sky beasts
  An ice beast (D:7)
  5 orc warriors
  A black bear (D:11)
  8 ogres
  A necrophage (D:10)
  3 phantoms
  9 centaurs
  2 eyes of draining (D:11)
  4 big kobolds
  An elf zombie (Ossuary)
  8 bullfrogs
  5 scorpions
  35 killer bees
  5 wights (D:6)
  5 howler monkeys
  2 bullfrog zombies
  3 jellies
  3 quasits
  A centaur zombie (D:9)
  9 hounds
  A human zombie (Ossuary)
  8 orc priests
  An iron imp (D:7)
  16 orc wizards
  8 worker ants
  5 iguanas
  A hound skeleton (D:9)
  A howler monkey zombie (D:4)
  4 mummies
  Robin (D:3)
  2 howler monkey skeletons
  6 gnolls
  7 adders
  A shadow imp (D:10)
  2 white imps
  An ufetubus (D:5)
  An ooze (D:1)
  3 worms
  5 dart slugs
  7 leopard geckos
  48 orcs
  A bat zombie (D:8)
  9 giant cockroaches
  12 goblins
  10 hobgoblins
  5 jackals
  23 kobolds
  A quokka (D:2)
  2 ball pythons
  A ball python skeleton (D:4)
  3 bats (D:1)
  3 frilled lizards
  A gnoll zombie (Ossuary)
  A goblin skeleton (D:7)
  5 goblin zombies
  4 hobgoblin zombies
  4 kobold zombies
  An orc skeleton (D:7)
  3 orc zombies
  7 rats
357 creatures vanquished.

Vanquished Creatures (others)
  A hobgoblin zombie (Ossuary)
1 creature vanquished.

Grand Total: 358 creatures vanquished

Notes
Turn   | Place    | Note
-------+----------+-------------------------------------------
     0 | D:1      | Peloso the Minotaur Fighter began the quest for the Orb.
     0 | D:1      | Reached XP level 1. HP: 19/19 MP: 0/0
    39 | D:1      | Reached XP level 2. HP: 22/27 MP: 1/1
   752 | D:2      | Reached XP level 3. HP: 33/33 MP: 2/2
  1070 | D:2      | Reached skill level 3 in Long Blades
  1140 | D:2      | Found a snail-covered altar of Cheibriados.
  1678 | D:2      | Reached XP level 4. HP: 40/40 MP: 3/3
  1696 | D:3      | Reached skill level 4 in Long Blades
  1720 | D:3      | Noticed Robin
  1735 | D:3      | Killed Robin
  1735 | D:3      | Reached XP level 5. HP: 26/47 MP: 4/4
  2004 | D:3      | Found a broken altar of Ashenzari.
  2346 | D:4      | Reached skill level 5 in Armour
  2373 | D:4      | Noticed an ogre
  2377 | D:4      | Killed an ogre
  2377 | D:4      | Reached skill level 5 in Long Blades
  2377 | D:4      | Reached skill level 1 in Dodging
  2377 | D:4      | Reached XP level 6. HP: 53/53 MP: 5/5
  2595 | D:4      | Reached skill level 5 in Shields
  2625 | D:4      | Found a shadowy altar of Dithmenos.
  2658 | D:4      | Reached skill level 5 in Fighting
  2658 | D:4      | Reached XP level 7. HP: 61/61 MP: 6/6
  2742 | D:4      | Reached skill level 6 in Long Blades
  2878 | D:4      | Reached skill level 7 in Long Blades
  3164 | D:4      | Found a runed translucent gate.
  3164 | D:4      | Found a runed translucent gate.
  3164 | D:4      | Found a runed translucent gate.
  3167 | D:4      | Noticed dmitrys's ghost (amateur DrTm)
  3615 | D:5      | Entered Level 5 of the Dungeon
  3636 | D:5      | Reached XP level 8. HP: 55/68 MP: 7/7
  3723 | D:5      | Reached skill level 8 in Long Blades
  3727 | D:5      | Found a stormy altar of Qazlal.
  3776 | D:5      | Found a sand-covered staircase.
  3785 | Ossuary  | Entered an ossuary
  4744 | D:5      | Reached skill level 9 in Long Blades
  4893 | D:6      | Found a staircase to the Ecumenical Temple.
  4906 | Temple   | Entered the Ecumenical Temple
  4924 | Temple   | Became a worshipper of Warmaster Okawaru
  5074 | D:6      | Found a white marble altar of Elyvilon.
  5115 | D:6      | Found an opulent altar of Gozag.
  5190 | D:6      | Reached XP level 9. HP: 75/75 MP: 8/8
  5316 | D:6      | Reached * piety under Okawaru
  5316 | D:6      | Reached skill level 10 in Long Blades
  5788 | D:7      | Found a glowing golden altar of the Shining One.
  5788 | D:7      | Noticed Prince Ribbit
  5836 | D:7      | Killed Prince Ribbit
  6424 | D:7      | Reached ** piety under Okawaru
  6932 | D:7      | Identified a scroll of acquirement
  7282 | D:8      | Reached skill level 11 in Long Blades
  7369 | D:8      | Reached XP level 10. HP: 86/86 MP: 9/9
  7374 | D:8      | Reached skill level 1 in Stealth
  7456 | D:8      | Noticed a two-headed ogre
  7466 | D:8      | Killed a two-headed ogre
  7466 | D:8      | Reached *** piety under Okawaru
  7514 | D:8      | Found a hazy altar of Hepliaklqana.
  7599 | D:8      | Found Dyikk's Weapon Shoppe.
  7677 | D:8      | Found a shimmering altar of Xom.
  7767 | D:8      | Found an ancient bone altar of Kikubaaqudgha.
  7850 | D:9      | Noticed Maurice
  7867 | D:9      | Killed Maurice
  7867 | D:9      | Reached skill level 10 in Shields
  8175 | D:9      | Noticed Erica
  8190 | D:9      | Killed Erica
  8510 | D:9      | Found an ornate altar of the Wu Jian Council.
  8523 | D:9      | Found Xiyfarcha's Gadget Emporium.
  8536 | D:9      | Bought a wand of digging (5) for 216 gold pieces
  8821 | D:9      | Reached **** piety under Okawaru
  8976 | D:9      | Got a polished rapier
  8977 | D:9      | Identified the +7 rapier of the Spinneret {elec, Int+2}
                  | (You found it on level 9 of the Dungeon)
  9070 | D:10     | Entered Level 10 of the Dungeon
  9152 | D:10     | Found a staircase to the Lair.
  9165 | D:10     | Reached skill level 12 in Long Blades
  9603 | D:10     | Reached XP level 11. HP: 47/95 MP: 10/10
 10005 | D:10     | Noticed a two-headed ogre
 10024 | D:10     | Killed an unseen horror
 10024 | D:10     | Reached ***** piety under Okawaru
 10028 | D:10     | Killed a two-headed ogre
 10641 | D:11     | Reached skill level 13 in Long Blades
 10788 | D:11     | Reached skill level 10 in Armour
 10796 | D:11     | Noticed a white ugly thing
 10804 | D:11     | Killed a white ugly thing
 10826 | D:11     | Got a slimy granite ring
 10828 | D:11     | Identified the ring "Hoeryb" {+Inv +Fly rF+ Dex+5} (You
                  | found it on level 11 of the Dungeon)
 11137 | D:11     | Noticed an eight-headed hydra
 11165 | D:11     | Reached ****** piety under Okawaru
 11168 | D:11     | Slain by a six-headed hydra

Illustrated notes

Levels and vault maps discovered:
D:1:      ncdulo_smallfort, layout_loops_ring, corner_web_ring,
          minmay_misc_feat_four_crosses
D:2:      layout_rooms, kennysheep_slug_shrine
D:3:      layout_rooms, ashenzari_conservatory_becter, uniq_robin
D:4:      layout_basic, kennysheep_mini, gammafunk_ghost_necromancy
D:5:      layout_basic, kennysheep_mini_moat, nicolae_ossuary_entry_giza,
          minmay_manual_monstrance
D:6:      layout_basic, lemuel_round_altar, nicolae_overflow_crystal_walls,
          minmay_temple_entry_waves
D:7:      layout_basic, nicolae_tso_besieged_by_evil, minmay_misc_feat_columns,
          uniq_prince_ribbit1
D:8:      layout_rooms, lemuel_round_altar, lemuel_zombie_altar_kikubaaqudgha,
          lemuel_doored_altar, serial_shops, shop,
          chequers_serial_rivers_micro_a, hangedman_abyss_or_decor_stabs
D:9:      layout_stronghold, old_standard_altar, serial_shops, shop, uniq_erica,
          uniq_maurice
D:10:     layout_roguey [special_room_bee], lair_entry_dummy
D:11:     layout_long_grid, the_bakery
Temple:   pf_slimified_temple

Skill      XL: |  1  2  3  4  5  6  7  8  9 10 11 |
---------------+----------------------------------+-----
Armour         | 4 5 6 7 8 9 10 | 10.2
Shields        | 4 5 6 9 11 12 | 12.4
Fighting       | 4 5 6 7 8 9 |  9.1
Long Blades    | 3 4 5 7 9 11 12 13 | 13.4
Dodging        | 1 2 |  2.5
Stealth        | 1 |  1.4
Invocations    | |  0.3
Evocations     | |  0.3

Action                   |  1- 3 |  4- 6 |  7- 9 | 10-12 || total
-------------------------+-------+-------+-------+-------++-------
Melee: Long sword        |    99 |    78 |    71 |       ||   248
       Headbutt          |     8 |    15 |   108 |    77 ||   208
       Falchion          |       |       |   372 |    62 ||   434
       Scimitar          |       |       |       |   307 ||   307
Invok: Heroism           |       |       |       |     3 ||     3
Evoke: Wand              |       |     1 |       |     2 ||     3
  Use: Potion            |     4 |       |     1 |     1 ||     6
       Scroll            |       |     5 |     8 |     4 ||    17
Armor: Scale mail        |    50 |    30 |       |       ||    80
       Plate armour      |       |     9 |   154 |   179 ||   342
       Chain mail        |       |     2 |       |       ||     2
Dodge: Dodged            |    23 |    35 |    84 |    96 ||   238
Block: Kite shield       |    67 |    51 |   226 |   269 ||   613
       Rpst.: Long sword |     7 |     6 |     5 |       ||    18
       Falchion          |       |       |    24 |     1 ||    25
       Scimitar          |       |       |       |    21 ||    21

Table legend: (Time is in decaauts)
 A = Elapsed time spent in this place.
 B = Non-inter-level travel time spent in this place.
 C = Inter-level travel time spent in this place.
 D = Time resting spent in this place.
 E = Time spent auto-exploring this place.
 F = Levels seen in this place.
 G = Mean time per level.
                   A        B        C        D        E       F      G
               +--------+--------+--------+--------+--------+-----+--------+
         Total |  11116 |  10894 |    222 |    780 |   7638 |  13 |  855.1 |
       Dungeon |  10553 |  10331 |    222 |    717 |   7401 |  11 |  959.4 |
        Temple |     86 |     86 |      0 |     63 |      0 |   1 |   86.0 |
       Ossuary |    476 |    476 |      0 |      0 |    237 |   1 |  476.0 |
               +--------+--------+--------+--------+--------+-----+--------+

Top non-repeatable levels by time:
     D:7: 1496 daAuts
    D:10: 1442 daAuts
     D:4: 1288 daAuts
     D:9: 1203 daAuts
     D:2: 934 daAuts
     D:8: 863 daAuts
     D:5: 775 daAuts
     D:1: 764 daAuts
     D:3: 695 daAuts
    D:11: 599 daAuts
     D:6: 488 daAuts
 Ossuary: 476 daAuts
  Temple: 86 daAuts
